Map: Moondance

Players

Nice

  • Race: Protoss Protoss
  • Spawn Location: 12:00

SpeCial - Winner!

  • Race: Terran Terran
  • Spawn Location: 6:00

Event: DreamHack SC2 Masters 2022 Atlanta (Offline)

VOD

Have the link to the VOD?

Description

Time

  • Played on: Nov. 18, 2022, 2:12 p.m.
  • Length: 10:31

All games in this series

Show
View Real Time Build Order
Export as new Build Order

Nice Protoss 

Build Orders: Phoenix Opening 

Get SALT Encoding   

  12  0:00  Probe  
  13  0:12  Probe  
  14  0:19  Pylon  
  14  0:24  Probe (Chrono Boost)  
  15  0:38  Probe (Chrono Boost)  
  15  0:39  Gateway  
  16  0:45  Probe (Chrono Boost)  
  17  0:52  Assimilator  
  17  0:53  Probe  
  18  1:04  Assimilator  
  18  1:05  Probe  
  19  1:17  Probe  
  20  1:19  Pylon  
  20  1:26  Cybernetics Core  
  20  1:29  Probe  
  20  1:31  Zealot  
  23  1:41  Probe  
  24  1:53  Probe  
  25  2:01  Adept (Chrono Boost)  
  25  2:05  Stargate  
  27  2:09  Probe  
  27  2:13  Warp Gate  
  28  2:22  Pylon  
  28  2:27  Adept  
  29  2:34  Shield Battery  
  28  2:47  Probe  
  33  2:52  Void Ray (Chrono Boost)  
  33  2:56  Pylon  
  33  3:07  Pylon  
  33  3:25  Void Ray (Chrono Boost)  
  33  3:52  Probe  
  33  3:53  Nexus  
  33  3:55  Phoenix  
  34  4:02  Stalker  
  36  4:05  Probe  
  38  4:17  Probe (Chrono Boost)  
  36  4:25  Twilight Council  
  36  4:29  Probe (Chrono Boost)  
  37  4:31  Shield Battery  
  37  4:38  Probe (Chrono Boost)  
  38  4:40  Stalker  
  38  4:43  Probe  
  41  4:54  Gateway  
  41  4:55  Probe, Blink (Chrono Boost)  
  42  5:07  Stalker  
  44  5:14  Gateway  
  44  5:17  Probe  
  44  5:20  Probe  
  46  5:31  Stalker  
  46  5:32  Shield Battery, Probe  
  49  5:48  Probe x2  
  51  5:51  Pylon  
  49  5:58  Stalker x2  
  49  6:02  Probe  
  54  6:09  Probe  
  55  6:18  Stalker  
  55  6:20  Probe  
  55  6:21  Stalker x2  
  62  6:30  Pylon  
  61  6:32  Probe  
  61  6:35  Probe  
  62  6:49  Stalker x3  
  62  6:51  Charge (Chrono Boost)  
  64  7:03  Nexus, Probe x2  
  64  7:06  Pylon  
  66  7:08  Robotics Facility  
  66  7:15  Probe x2  
  68  7:22  Forge  
  68  7:27  Probe  
  68  7:30  Stalker x3  
  73  7:37  Probe  
  73  7:39  Probe  
  74  7:49  Probe  
  74  7:52  Probe  
  74  7:55  Observer  
  73  7:58  Protoss Ground Weapons Level 1  
  73  8:01  Probe  
  73  8:03  Assimilator  
  73  8:04  Probe  
  74  8:12  Assimilator  
  74  8:17  Probe  
  74  8:22  Robotics Bay  
  74  8:29  Probe x3  
  74  8:33  Stalker  
  79  8:39  Pylon  
  79  8:41  Probe  
  78  8:43  Photon Cannon  
  78  8:46  Robotics Facility  
  78  8:50  Observer (Chrono Boost)  
  78  8:54  Probe x3  
  82  9:00  Photon Cannon  
  82  9:04  Photon Cannon  
  82  9:06  Probe x2  
  82  9:07  Disruptor (Chrono Boost), Assimilator  
  82  9:08  Pylon  
  87  9:18  Stalker x2  
  92  9:41  Disruptor (Chrono Boost)  
  91  9:49  Stalker  
  91  9:50  Stalker  
  80  9:57  Probe  
  62  10:08  Stalker  
  62  10:15  Stalker x2  
Show
View Real Time Build Order
Export as new Build Order

SpeCial Terran - Winner!

Build Orders:  

Get SALT Encoding   

  12  0:00  SCV  
  13  0:12  SCV  
  14  0:17  Supply Depot  
  14  0:24  SCV  
  15  0:38  SCV  
  15  0:39  Barracks  
  16  0:45  Refinery  
  16  0:50  SCV  
  17  0:58  Refinery  
  17  1:03  SCV  
  18  1:15  SCV  
  19  1:26  Reaper  
  19  1:27  Orbital Command  
  20  1:33  Supply Depot  
  20  1:45  Factory  
  20  1:53  SCV  
  21  1:58  Reaper  
  22  2:05  SCV  
  23  2:17  Command Center  
  23  2:21  SCV  
  24  2:29  Hellion  
  26  2:32  Barracks Reactor  
  26  2:40  SCV, Starport  
  27  2:49  Supply Depot  
  27  2:53  SCV  
  28  3:01  Factory Tech Lab  
  28  3:05  SCV  
  29  3:09  Marine x2  
  31  3:17  Viking  
  33  3:26  Cyclone  
  35  3:27  Marine  
  36  3:35  SCV  
  36  3:44  Marine  
  36  3:45  Marine  
  33  3:52  SCV  
  33  4:01  Widow Mine  
  35  4:04  SCV  
  35  4:07  Orbital Command  
  36  4:10  Marine  
  36  4:12  Marine  
  38  4:21  SCV  
  38  4:24  Factory Tech Lab  
  37  4:26  Viking  
  37  4:28  Marine  
  40  4:31  Marine  
  40  4:32  SCV  
  40  4:34  SCV  
  43  4:43  Cyclone  
  46  4:47  SCV x2  
  46  4:49  Marine x2  
  46  4:50  Supply Depot  
  50  4:59  SCV x2  
  52  5:01  Medivac  
  54  5:12  SCV x2, Marine x2  
  58  5:21  Cyclone  
  61  5:25  SCV  
  62  5:30  Supply Depot  
  62  5:35  Starport Tech Lab  
  62  5:43  Marine x2  
  62  5:44  SCV x2  
  62  5:47  Barracks x2  
  64  5:56  SCV x2  
  63  6:01  Marine x2  
  63  6:02  Banshee, Cloaking Field  
  68  6:08  SCV  
  68  6:09  SCV  
  69  6:12  Siege Tank  
  69  6:19  Marine x2  
  69  6:20  Supply Depot, SCV  
  69  6:21  SCV  
  69  6:23  Bunker  
  72  6:32  SCV  
  73  6:33  SCV  
  73  6:37  Marine x2  
  76  6:44  SCV  
  76  6:45  SCV, Banshee  
  79  6:47  Siege Tank  
  79  6:52  Barracks Tech Lab  
  82  6:55  Marine x2  
  82  6:56  SCV  
  82  6:58  SCV  
  82  7:03  Engineering Bay, Refinery x2  
  82  7:04  Supply Depot  
  82  7:07  Marine  
  83  7:08  SCV  
  83  7:10  SCV  
  83  7:12  Marine x2  
  83  7:15  Supply Depot  
  85  7:16  Marine  
  85  7:17  Stimpack  
  85  7:22  Supply Depot  
  86  7:25  SCV x2, Marine  
  89  7:36  Marine x2  
  94  7:37  Siege Tank  
  94  7:40  Supply Depot x2  
  96  7:44  SCV  
  96  7:46  SCV  
  96  7:50  Starport Reactor  
  97  7:56  Barracks x2  
  96  8:00  Terran Infantry Weapons Level 1  
  94  8:05  Supply Depot  
  94  8:10  Marine x2  
  96  8:13  Marauder x2  
  96  8:14  Siege Tank  
  96  8:16  SCV  
  104  8:23  Supply Depot  
  104  8:24  Supply Depot  
  104  8:28  Marine x2  
  104  8:29  Medivac  
  104  8:31  Medivac  
  110  8:41  Marauder x2  
  111  8:43  Combat Shield  
  111  8:47  Marine x3  
  114  8:53  Siege Tank  
  114  8:55  Marine  
  118  8:58  Supply Depot  
  118  9:00  Concussive Shells  
  118  9:04  Marine  
  118  9:06  Marauder, Marine x3  
  124  9:13  Marine  
  124  9:14  Medivac x2  
  125  9:22  Marine  
  123  9:25  Marauder, Siege Tank  
  123  9:29  Marauder, Marine  
  130  9:32  Marine x2  
  132  9:40  Marine  
  133  9:46  Marauder  
  133  9:47  Marine  
  133  9:50  Marine x3  
  131  9:58  Marine  
  127  10:04  Marine  
  117  10:07  Marauder  
  117  10:08  Marauder, Marine x2  
Tags
 
Add a new tag
Caveats
  • Supply blocks, unpowered buildings, or Contaminate may cause inaccurate times.
  • Supply counts are checked every 10 seconds.